 Dungeon Crawl Stone Soup version 0.27.1-3-gb3d3a73c9e (webtiles) character file.

Game seed: 17039073572440461880

222 Trumpetguy the Gusty (level 5, -8/25 HPs)
             Began as a Deep Elf Air Elementalist on Oct 6, 2021.
             Was a Believer of Hepliaklqana.
             Mangled by a wyvern zombie (12 damage)
             ... on level 4 of the Dungeon.
             The game lasted 00:32:45 (3305 turns).

Trumpetguy the Gusty (Deep Elf Air Elementalist)    Turns: 3305, Time: 00:32:45

Health: -8/25      AC:  4    Str:  5    XL:     5   Next: 66%
Magic:  1/11       EV: 13    Int: 21    God:    Hepliaklqana [**....]
Gold:   113        SH:  0    Dex: 15    Spells: 3/10 levels left

rFire    . . .     SeeInvis .   (no weapon)
rCold    . . .     Faith    +   (no shield)
rNeg     . . .     Spirit   .   a - +0 robe
rPois    .         Reflect  .   (no helmet)
rElec    .         Harm     .   (no cloak)
rCorr    .         Rampage  .   m - +0 pair of gloves
Will     .....                  f - +0 pair of boots
Stlth    ++........             c - amulet of faith
HPRegen  0.08/turn              (no ring)
MPRegen  0.12/turn              (no ring)

@: no status effects
A: reduced essence
a: Renounce Religion, Recall Ancestor, Ancestor Identity


You were on level 4 of the Dungeon.
You worshipped Hepliaklqana.
Hepliaklqana was pleased with you.
You visited 1 branch of the dungeon, and saw 4 of its levels.

You collected 113 gold pieces.

Inventory:

Armour
 a - a +0 robe (worn)
 f - a +0 pair of boots (worn)
 m - a +0 pair of gloves (worn)
Magical Staves
 i - a staff of poison
Jewellery
 c - an amulet of faith (around neck)
Scrolls
 b - 2 scrolls of identify
 e - a scroll of enchant weapon {unknown}
 g - 3 scrolls of teleportation
 j - 2 scrolls of amnesia
 k - 3 scrolls of fog
 l - a scroll of noise
 n - a scroll of vulnerability {unknown}
 o - a scroll of torment {unknown}
 p - a scroll of holy word {unknown}
 q - a scroll of acquirement {unknown}
Potions
 h - a potion of flight {unknown}


   Skills:
 * Level 3.5 Dodging
 * Level 3.5 Stealth
 - Level 3.0 Spellcasting
 + Level 3.9 Conjurations
 - Level 4.2 Air Magic
 * Level 0.7 Poison Magic


You had 3 spell levels left.
You knew the following spells:

 Your Spells              Type           Power      Damage    Failure   Level
a - Shock                 Conj/Air       80%        1d8       2%          1
b - Swiftness             Air            20%        N/A       7%          3
c - Mephitic Cloud        Conj/Pois/Air  15%        N/A       12%         3

Your spell library contained the following spells:

 Spells                   Type           Power      Damage    Failure   Level
 Magic Dart               Conj           76%        1d6       2%          1
 Static Discharge         Conj/Air       20%        N/A       3%          2
 Call Imp                 Summ           3%         N/A       21%         2
 Airstrike                Air            10%        N/A       24%         4


Dungeon Overview and Level Annotations

Branches:
Dungeon (4/15)
 Temple: D:4-7

Altars:
Hepliaklqana
Wu Jian

Annotations:
D:4 Blork the orc


Message History

Blork the orc is moderately wounded.
The wyvern zombie barely misses Aula.
Aula hits the wyvern zombie with a +0 dagger of draining.
The wyvern zombie bites Aula!
Aula barely misses the wyvern zombie.
Aula hits the wyvern zombie with a +0 dagger of draining.
The wyvern zombie bites Aula!
Aula is destroyed!
Casting: Shock (safe; 2% risk of failure)
Confirm with . or Enter, or press ? or * to list all spells.
Okay, then.
The wyvern zombie bites you.
* * * LOW HITPOINT WARNING * * *
Unknown command.
Casting: Shock (safe; 2% risk of failure)
Confirm with . or Enter, or press ? or * to list all spells.
You don't know that spell.
Casting: Shock (safe; 2% risk of failure)
Confirm with . or Enter, or press ? or * to list all spells.
Okay, then.
You feel much better. The wyvern zombie barely misses you.
The zap hits the wyvern zombie.
The wyvern zombie is severely damaged.
The wyvern zombie bites you! The wyvern zombie bites you!
* * * LOW HITPOINT WARNING * * *
Unknown command.
Press: ? - help, v - describe, . - travel
Here: a wyvern zombie (severely damaged)
The floor, spattered with blood.
Okay, then.
Casting: Shock (safe; 2% risk of failure)
Confirm with . or Enter, or press ? or * to list all spells.
Okay, then.
As you read the scroll labelled HUUROM GAOPS, it crumbles to dust.
You hear a loud clanging noise!
It was a scroll of noise.
You hear a shout! x2; You hear a bark!
You hear a shout!
The wyvern zombie bites you!
You die...

.......).........
......[..).......
######....)......
#...........
#)....######
#.....+ #.....#
#.....# #@....#
#Z....# #.....#
#.....# .......
#.....# .......
#.....# .......
#.....# .......
#.....# .......
#.....#


You could see a wyvern zombie.

Vanquished Creatures
  Natasha (twice) (D:3)
  An orc wizard (D:4)
  3 gnolls (D:3)
  2 adders (D:3)
  A worm (D:2)
  2 dart slugs
  2 orcs (D:4)
  A bat zombie (D:2)
  An endoplasm (D:2)
  A giant cockroach (D:2)
  A goblin (D:3)
  5 hobgoblins
  2 kobolds
  4 quokkas
  4 ball pythons
  A ball python skeleton (D:2)
  4 bats
  2 frilled lizards
  A quokka skeleton (D:2)
  2 rats (D:2)
42 creatures vanquished.

Vanquished Creatures (collateral kills)
  Terence (D:3)
  Natasha (D:3)
  An orc (D:4)
  An endoplasm (D:1)
  A goblin (D:3)
  A hobgoblin (D:2)
  A frilled lizard (D:1)
7 creatures vanquished.

Vanquished Creatures (others)
  A hexer (D:4)
  2 ancestors
  A withered plant (D:2)
4 creatures vanquished.

Grand Total: 53 creatures vanquished

Notes
Turn   | Place    | Note
-------+----------+-------------------------------------------
     0 | D:1      | Trumpetguy the Deep Elf Air Elementalist began the quest
                  | for the Orb.
     0 | D:1      | Reached XP level 1. HP: 10/10 MP: 6/6
     1 | D:1      | Found a faded altar of an unknown god.
    91 | D:1      | Became a worshipper of Hepliaklqana the Forgotten
    91 | D:1      | Reached * piety under Hepliaklqana
   234 | D:1      | Reached XP level 2. HP: 11/13 MP: 2/8
  1137 | D:2      | Reached XP level 3. HP: 17/17 MP: 2/9
  1334 | D:2      | Reached ** piety under Hepliaklqana
  1335 | D:2      | Remembered your ancestor Aula as a hexer
  1357 | D:2      | Found an ornate altar of the Wu Jian Council.
  1892 | D:2      | Learned a level 3 spell: Swiftness
  2321 | D:3      | Noticed Terence
  2328 | D:3      | Killed Terence
  2329 | D:3      | Reached skill level 4 in Air Magic
  2329 | D:3      | Reached XP level 4. HP: 21/21 MP: 3/10
  2388 | D:3      | Noticed Natasha
  2393 | D:3      | Killed Natasha
  2508 | D:3      | Noticed Natasha
  2513 | D:3      | Killed Natasha
  2568 | D:3      | Learned a level 3 spell: Mephitic Cloud
  2576 | D:3      | Reached XP level 5. HP: 25/25 MP: 7/11
  2791 | D:3      | Noticed Natasha
  2801 | D:3      | Killed Natasha
  3279 | D:4      | Noticed Blork the orc
  3305 | D:4      | Mangled by a wyvern zombie

Illustrated notes

Levels and vault maps discovered:
D:1:      lightli_arrival_chessboard, layout_rooms,
          hellmonk_ecumenical_altar_pennies_from_heaven, fountainhead
D:2:      layout_rooms, serial_undead, serial_undead_c, serial_undead_c,
          serial_undead_e, serial_undead_e, basic_altar, uniq_crazy_yiuf_cottage
D:3:      layout_basic, serial_park_tiny_1, bh_walls_and_bars, uniq_natasha,
          uniq_terence
D:4:      cheibrodos_quashed, layout_gridville, chequers_ossuary_entry_cave,
          palyth_stone_intersect, grunt_decor_mini_mirrors,
          hangedman_decor_lopped, uniq_blork_the_orc

Skill      XL: |  1  2  3  4 |
---------------+-------------+-----
Conjurations   | 2 3 |  3.9
Dodging        | 3 |  3.5
Stealth        | 3 |  3.5
Air Magic      | 4 |  4.2
Spellcasting   | |  3.0
Poison Magic   | |  0.7

Action                   |  1- 3 |  4- 6 || total
-------------------------+-------+-------++-------
 Cast: Shock             |    93 |    32 ||   125
       Mephitic Cloud    |       |     3 ||     3
       Swiftness         |       |     1 ||     1
Invok: Ancestor Life: He |     1 |       ||     1
  Use: Scroll            |     1 |     4 ||     5
       Potion            |       |     1 ||     1
Armor: Robe              |     6 |     1 ||     7
Dodge: Dodged            |     7 |     3 ||    10
